Map: Jagannatha LE

Players

Nina - Winner!

  • Race: Protoss Protoss
  • League: Grandmaster
  • Spawn Location: 1:00

JonSnow

  • Race: Zerg Zerg
  • League: Grandmaster
  • Spawn Location: 7:00

Event: DreamHack SC2 Masters 2020 Winter

VOD

Have the link to the VOD?

Description

Time

  • Played on: Oct. 27, 2020, 4:20 p.m.
  • Length: 10:16
Show
View Real Time Build Order
Export as new Build Order

Nina Protoss - Winner!

Build Orders: 1 Gate Expand, Oracle Opening, Archon Immortal 

Get SALT Encoding   

  12  0:00  Probe  
  13  0:12  Probe  
  14  0:18  Pylon  
  14  0:24  Probe  
  15  0:36  Probe (Chrono Boost)  
  15  0:39  Gateway  
  16  0:46  Probe (Chrono Boost)  
  16  0:48  Assimilator  
  17  0:51  Probe (Chrono Boost)  
  18  1:03  Probe  
  19  1:15  Probe  
  20  1:25  Nexus  
  20  1:34  Cybernetics Core  
  20  1:38  Probe  
  21  1:44  Assimilator  
  21  1:50  Probe  
  22  1:54  Pylon  
  22  2:02  Probe  
  23  2:09  Adept (Chrono Boost)  
  23  2:14  Probe  
  26  2:18  Stargate  
  26  2:26  Warp Gate  
  26  2:28  Probe (Chrono Boost)  
  27  2:30  Adept (Chrono Boost)  
  29  2:38  Probe (Chrono Boost)  
  31  2:46  Probe (Chrono Boost)  
  31  2:47  Probe (Chrono Boost)  
  31  2:48  Gateway  
  32  2:52  Probe (Chrono Boost)  
  32  2:54  Probe  
  34  3:04  Oracle (Chrono Boost)  
  38  3:06  Probe (Chrono Boost)  
  38  3:07  Probe (Chrono Boost)  
  39  3:15  Pylon  
  39  3:19  Probe (Chrono Boost)  
  41  3:21  Probe (Chrono Boost)  
  41  3:24  Probe (Chrono Boost)  
  42  3:28  Probe  
  42  3:33  Probe  
  31  3:34  Adept  
  42  3:38  Oracle (Chrono Boost)  
  42  3:39  Pylon  
  42  3:41  Probe  
  48  3:45  Probe  
  49  3:49  Assimilator  
  49  3:53  Probe  
  50  3:57  Probe  
  50  3:58  Pylon  
  51  4:05  Probe  
  51  4:09  Probe  
  53  4:11  Phoenix  
  53  4:15  Zealot  
  53  4:16  Adept  
  59  4:17  Probe  
  59  4:22  Probe  
  61  4:28  Nexus  
  61  4:29  Probe  
  60  4:32  Pylon  
  60  4:34  Probe  
  60  4:36  Pylon  
  61  4:40  Assimilator  
  61  4:41  Probe  
  61  4:44  Robotics Facility  
  62  4:46  Probe  
  63  4:59  Probe  
  64  5:00  Sentry x2  
  68  5:19  Probe  
  68  5:21  Probe  
  68  5:26  Shield Battery  
  68  5:29  Gateway  
  68  5:30  Gateway  
  68  5:31  Probe, Immortal  
  68  5:32  Gateway, Sentry x2  
  68  5:33  Probe  
  76  5:38  Forge  
  76  5:39  Twilight Council  
  76  5:43  Probe  
  77  5:54  Probe  
  77  5:55  Phoenix  
  77  5:56  Probe x2  
  79  6:01  Gateway  
  79  6:04  Gateway  
  79  6:06  Gateway  
  79  6:07  Zealot x2, Probe  
  79  6:08  Probe x2  
  79  6:11  Observer (Chrono Boost)  
  87  6:19  Probe  
  87  6:20  Assimilator x2, Probe x2  
  90  6:26  Charge, Protoss Ground Weapons Level 1  
  90  6:31  Probe, Templar Archives  
  90  6:32  Probe  
  92  6:33  Phoenix  
  92  6:38  Pylon  
  94  6:42  Zealot  
  96  6:47  Immortal (Chrono Boost)  
  96  6:48  Probe  
  96  6:52  Pylon  
  96  6:53  Pylon  
  101  7:05  Probe  
  101  7:06  Probe  
  101  7:08  Zealot x4  
  109  7:10  Probe  
  109  7:12  Psionic Storm  
  109  7:13  Pylon  
  109  7:15  Pylon  
  106  7:19  Photon Cannon  
  106  7:20  High Templar x2  
  110  7:23  Zealot x2  
  110  7:26  Immortal (Chrono Boost)  
  118  7:32  Pylon  
  118  7:38  Nexus  
  118  7:40  Pylon  
  118  7:42  Pylon  
  118  7:44  High Templar  
  118  7:46  High Templar  
  118  7:50  Photon Cannon  
  122  7:53  Probe  
  122  7:54  Photon Cannon  
  120  8:14  Observer (Chrono Boost)  
  120  8:15  High Templar x2  
  120  8:16  Zealot x4  
  120  8:17  Shield Battery  
  120  8:19  Photon Cannon x2  
  133  8:21  Archon, Gateway  
  133  8:22  Gateway  
  133  8:24  Gateway  
  133  8:26  Assimilator  
  133  8:29  Assimilator  
  133  8:32  High Templar x2  
  137  8:37  Photon Cannon, Warp Prism (Chrono Boost)  
  137  8:38  Zealot x2  
  143  8:44  Zealot x2  
  123  9:12  High Templar x4, Probe  
  123  9:13  Probe x3  
  123  9:16  Zealot x5  
  145  9:17  Archon  
  145  9:18  Archon  
  145  9:24  Probe  
  145  9:25  Probe  
  145  9:28  Archon  
  145  9:29  Zealot x2  
  145  9:31  Immortal  
  155  9:33  Probe  
  155  9:34  Probe  
  157  9:38  High Templar x2  
  157  9:39  Zealot x3  
  143  9:45  Archon  
  143  9:49  High Templar x2  
  143  9:50  Zealot x3  
  143  9:51  Zealot  
  155  9:58  Archon  
  133  10:01  Zealot x3  
  135  10:12  Zealot x6  
Show
View Real Time Build Order
Export as new Build Order

JonSnow Zerg 

Build Orders: Hatch First 

Get SALT Encoding   

  12  0:01  Drone  
  13  0:12  Overlord  
  13  0:17  Drone  
  14  0:31  Drone  
  14  0:32  Drone  
  16  0:47  Hatchery  
  15  0:53  Drone  
  15  0:55  Drone  
  17  0:58  Drone  
  18  1:06  Extractor  
  17  1:16  Spawning Pool  
  17  1:17  Drone  
  17  1:21  Drone  
  18  1:29  Drone  
  19  1:39  Drone  
  20  1:49  Overlord  
  20  2:02  Queen x2  
  20  2:03  Drone x2  
  26  2:09  Metabolic Boost  
  26  2:11  Drone  
  26  2:13  Drone  
  28  2:21  Drone  
  28  2:22  Drone  
  30  2:34  Hatchery  
  30  2:37  Drone  
  30  2:38  Zergling x2  
  30  2:42  Zergling x2  
  32  2:47  Queen  
  34  2:51  Overlord  
  34  3:03  Drone x2  
  36  3:07  Overlord  
  36  3:11  Zergling x4  
  38  3:14  Drone x2  
  40  3:22  Drone x2  
  40  3:23  Queen  
  44  3:28  Drone x2, Spore Crawler  
  44  3:33  Spore Crawler  
  44  3:37  Drone  
  44  3:39  Overlord  
  45  3:42  Drone  
  45  3:43  Drone x2  
  45  3:47  Queen  
  50  3:52  Drone  
  50  3:55  Drone  
  52  3:57  Drone  
  52  4:00  Drone x2, Spore Crawler  
  54  4:03  Drone x2  
  54  4:07  Drone x2  
  54  4:09  Drone  
  58  4:11  Drone  
  58  4:16  Drone  
  58  4:17  Drone x2  
  61  4:24  Drone  
  61  4:25  Drone x2  
  62  4:31  Drone x3  
  62  4:32  Lair  
  62  4:35  Extractor  
  62  4:36  Extractor  
  63  4:39  Roach Warren  
  63  4:40  Spore Crawler  
  63  4:43  Drone x2  
  63  4:44  Drone  
  64  4:46  Drone  
  65  4:53  Drone x3  
  65  4:59  Zergling x2  
  66  5:00  Extractor  
  66  5:01  Drone  
  65  5:11  Zergling x6  
  65  5:13  Drone  
  65  5:15  Drone  
  65  5:18  Extractor  
  65  5:19  Extractor  
  63  5:22  Drone, Overlord  
  63  5:23  Drone  
  63  5:24  Drone x2  
  66  5:31  Drone  
  66  5:33  Hatchery, Overlord x2  
  65  5:36  Spire  
  65  5:38  Evolution Chamber  
  62  5:46  Drone x7  
  62  5:48  Drone  
  69  5:52  Drone  
  68  6:00  Drone x3  
  68  6:01  Drone, Evolution Chamber, Hydralisk Den  
  70  6:05  Drone x2  
  70  6:06  Zerg Melee Weapons Level 1  
  70  6:09  Drone x2  
  70  6:10  Drone  
  75  6:18  Drone x3  
  77  6:22  Overlord  
  77  6:25  Overlord  
  77  6:29  Zerg Missile Weapons Level 1  
  77  6:31  Hydralisk  
  77  6:32  Grooved Spines, Hydralisk x2  
  83  6:39  Drone x5  
  88  6:40  Drone  
  88  6:44  Hydralisk  
  88  6:45  Zergling x2  
  92  6:48  Hydralisk  
  92  6:49  Hydralisk  
  92  6:50  Spore Crawler  
  94  6:59  Hydralisk x4  
  95  7:09  Drone x2  
  95  7:10  Drone x5  
  95  7:12  Drone  
  103  7:15  Drone x2  
  103  7:16  Drone  
  103  7:17  Drone  
  103  7:21  Drone  
  103  7:22  Drone x3  
  111  7:26  Overlord  
  111  7:28  Baneling Nest  
  110  7:30  Overlord  
  110  7:32  Overlord  
  110  7:34  Overlord  
  110  7:35  Drone  
  111  7:37  Overseer  
  111  7:40  Extractor  
  111  7:41  Extractor  
  111  7:43  Drone, Overlord  
  110  7:46  Muscular Augments, Drone x4  
  110  7:47  Drone x3  
  117  7:57  Hydralisk x4  
  124  8:09  Hydralisk x4  
  124  8:10  Hydralisk  
  132  8:12  Centrifical Hooks  
  132  8:20  Hatchery  
  131  8:27  Hydralisk x5  
  131  8:32  Overlord  
  131  8:33  Overlord  
  141  8:39  Baneling x3  
  141  8:40  Zergling x16  
  148  8:44  Zergling x8  
  148  8:48  Overlord  
  150  8:58  Zergling x4  
  150  8:59  Zergling x6  
  139  9:03  Hydralisk x3  
  139  9:09  Baneling x3, Hydralisk x2  
  130  9:10  Zergling x2, Hydralisk x4  
  130  9:14  Spore Crawler  
  142  9:17  Baneling x10  
  142  9:18  Zergling x2  
  142  9:24  Hydralisk x3  
  143  9:30  Hydralisk x3  
  155  9:34  Zergling x6  
  158  9:43  Hydralisk  
  158  9:44  Zergling x2, Hydralisk x4  
  157  9:47  Zergling x8  
Tags
 
Add a new tag
Caveats
  • Supply blocks, unpowered buildings, or Contaminate may cause inaccurate times.
  • Supply counts are checked every 10 seconds.